 Dungeon Sprint DCSS version 0.21-a0-91-ga5031da (webtiles) character file.

1278 Kidiri the Thaumaturge (level 8, -20/48 (49) HPs)
             Began as a Deep Elf Fire Elementalist on June 30, 2017.
             Was a Believer of Vehumet.
             Demolished by Snorg (27 damage)
             ... in the Dungeon (Sprint III: "The Ten Rune Challenge").
             The game lasted 00:05:03 (983 turns).

Kidiri the Thaumaturge (Deep Elf Fire Elementalist)  Turns: 983, Time: 00:05:04

HP:   -20/48 (49)   AC:  3    Str:  5    XL:     8   Next: 29%
MP:   9/25          EV: 17    Int: 23    God:    Vehumet [**....]
Gold: 46            SH:  0    Dex: 15    Spells: 12/30 levels left

rFire    . . .     SeeInvis .   v - +1 dagger (flame)
rCold    . . .     Gourm    .   (no shield)
rNeg     . . .     Faith    .   a - +0 robe
rPois    .         Spirit   .   (no helmet)
rElec    .         Reflect  .   (no cloak)
rCorr    .         Harm     .   (no gloves)
MR       .....     NoTele   +   (no boots)
Stlth    ++........             (no amulet)
HPRegen  0.16/turn              (no ring)
MPRegen  0.19/turn              (no ring)

@: no status effects
A: talons 1, blurry vision 1, shaggy fur 1, evolution 1
a: Renounce Religion


You were in the Dungeon.
You worshipped Vehumet.
Vehumet was pleased with you.
You were hungry.

You visited 1 branch You collected 46 gold pieces.

Inventory:

Hand Weapons
 v - a +1 dagger of flaming (weapon)
Armour
 a - a +0 robe (worn)
 j - a +0 leather armour
Wands
 q - a wand of iceblast (8/15)
Scrolls
 i - a scroll of blinking
 l - a scroll of holy word
Potions
 d - a potion of curing
 e - 2 potions of heal wounds
 f - a potion of haste
 g - 2 potions of magic
 h - a potion of berserk rage
 p - a potion of ambrosia
 s - a potion of brilliance
 t - 2 potions of mutation
Books
 b - a book of Flames

   Spells                             Type                      Level
   a - Flame Tongue                   Conjuration/Fire             1
   b - Throw Flame                    Conjuration/Fire             2
   c - Conjure Flame                  Conjuration/Fire             3
   d - Inner Flame                    Hexes/Fire                   3
   e - Sticky Flame                   Conjuration/Fire             4
   f - Fireball                       Conjuration/Fire             5
 u - a book of Cantrips

   Spells                             Type                      Level
   a - Confusing Touch                Hexes                        1
   b - Animate Skeleton               Necromancy                   1
   c - Summon Small Mammal            Summoning                    1
   d - Apportation                    Translocation                1
Comestibles
 c - a bread ration
 m - a royal jelly
 o - 2 fruits
 r - a meat ration


   Skills:
 + Level 5.0 Fighting
 + Level 5.6 Short Blades
 + Level 5.1 Armour
 + Level 7.7 Dodging
 - Level 2.4 Stealth
 + Level 4.9 Unarmed Combat
 * Level 11.6 Spellcasting
 + Level 6.7 Conjurations
 + Level 7.6 Fire Magic


You had 12 spell levels left.
You knew the following spells:

 Your Spells              Type           Power        Failure   Level  Hunger
a - Flame Tongue          Conj/Fire      #####        1%          1    None
b - Throw Flame           Conj/Fire      #####.       1%          2    None
c - Conjure Flame         Conj/Fire      #####...     1%          3    None
d - Inner Flame           Hex/Fire       ####....     3%          3    None
e - Sticky Flame          Conj/Fire      #####...     2%          4    None
f - Fireball              Conj/Fire      #####.....   7%          5    ####...


Dungeon Overview and Level Annotations

Branches:
Dungeon (1/1)

Altars:
Cheibriados
Dithmenos
Elyvilon
Fedhas
Gozag
Hepliaklqana
Kikubaaqudgha
Makhleb
Nemelex Xobeh
Okawaru
Qazlal
Ru
Sif Muna
Trog
Uskayaw
Vehumet
Wu Jian
Xom
Yredelemnul
Zin
The Shining One
Beogh
Jiyva
Lugonu

Annotations:
D Snorg


Innate Abilities, Weirdness & Mutations

You have sharp toenails.
Scrolls take you a little longer to read.
You are covered in fur. (AC +1)
You evolve.


Message History

Snorg barely misses you.
Snorg burns!
Snorg burns!
Snorg stops burning.
Snorg completely misses you. Snorg claws you but does no damage.
Snorg claws you!
There is an open door, spattered with blood here.
Casting: Sticky Flame
Confirm with . or Enter, or press ? or * to list all spells.
Aiming: Sticky Flame
Press: ? - help, Shift-Dir - straight line, f/p - Snorg
Aim: Snorg (almost dead, berserk, fast, unusually strong)
The sticky flame hits Snorg.
Snorg is almost dead.
Snorg is covered in liquid flames!
Snorg burns!
Snorg bites you. Snorg claws you!
* * * LOW HITPOINT WARNING * * *
Snorg claws you.
* * * LOW HITPOINT WARNING * * *
Snorg burns!
Snorg bites you!!
Ouch! That really hurt!
You die...

▓▓▓ # ##.############
#####..#___#___#__#
.#..#..#.).#__.#[_#
.#..#..###+#+###+##
.##+#..#........%.#
.###...'.⌠......@.#
####...#...######T#
###....#.⌠.#__#...#+#####
##.....#...#__#...#..≈≈≈+
#......#+###__#...#.#§≈§#
.#.....#.))#__#...'.#§§§#
###....#___#__+...#.#.§§#
▓▓▓▓▓▓▓▓▓▓▓▓▓▓▓▓▓▓▓▓▓


You could see Snorg (berserk).

Vanquished Creatures
  A deep elf mage (D)
  A shadow (D)
  A spatial vortex (D)
  A necrophage (D)
  A water elemental (D)
  A jelly (D)
  Jessica (D)
  A wizard (D)
  A necromancer (D)
  A kobold demonologist (D)
  3 humans (D)
  A wolf (D)
  An ooze (D)
  2 rats (D)
17 creatures vanquished.

Vanquished Creatures (others)
  2 draconian scorchers (D)
  Nessos (D)
  6 hellions (D)
  2 yaktaurs (D)
  2 plants (D)
13 creatures vanquished.

Grand Total: 30 creatures vanquished

Notes
Turn   | Place    | Note
-------+----------+-------------------------------------------
     0 | D        | Kidiri the Deep Elf Fire Elementalist began the quest for the Orb.
     0 | D        | Reached XP level 1. HP: 10/10 MP: 6/6
    61 | D        | Killed a hellion
    62 | D        | Killed a hellion
    63 | D        | Killed a hellion
    77 | D        | Noticed Jessica
    84 | D        | Killed Jessica
    84 | D        | Reached skill level 1 in Fighting
    84 | D        | Reached skill level 1 in Armour
    84 | D        | Reached skill level 1 in Unarmed Combat
    84 | D        | Reached skill level 4 in Spellcasting
    84 | D        | Reached XP level 2. HP: 16/16 MP: 4/9
    84 | D        | Reached XP level 3. HP: 20/20 MP: 4/11
    88 | D        | Learned a level 2 spell: Throw Flame
    92 | D        | Learned a level 3 spell: Conjure Flame
    96 | D        | Learned a level 3 spell: Inner Flame
   141 | D        | Killed a hellion
   149 | D        | Killed a white draconian scorcher
   155 | D        | Killed a hellion
   173 | D        | Reached skill level 5 in Spellcasting
   180 | D        | Killed a white draconian scorcher
   181 | D        | Killed a hellion
   271 | D        | Killed a yaktaur
   330 | D        | Reached skill level 1 in Short Blades
   354 | D        | Gained mutation: Scrolls take you a little longer to read. [potion of mutation]
   354 | D        | Gained mutation: You are weak. (Str -2) [potion of mutation]
   354 | D        | Gained mutation: You are partially covered in large bone plates. (SH +4) [potion of mutation]
   355 | D        | Lost mutation: You are partially covered in large bone plates. (SH +4) [potion of mutation]
   355 | D        | Lost mutation: Scrolls take you a little longer to read. [potion of mutation]
   355 | D        | Lost mutation: You are weak. (Str -2) [potion of mutation]
   355 | D        | Gained mutation: You are clumsy. (Dex -2) [potion of mutation]
   355 | D        | Gained mutation: Your muscles are strong. (Str +2) [potion of mutation]
   356 | D        | Lost mutation: Your muscles are strong. (Str +2) [potion of mutation]
   356 | D        | Lost mutation: You are clumsy. (Dex -2) [potion of mutation]
   356 | D        | Gained mutation: Scrolls take you a little longer to read. [potion of mutation]
   356 | D        | Gained mutation: You have sharp toenails. [potion of mutation]
   356 | D        | Gained mutation: You evolve. [potion of mutation]
   356 | D        | Gained mutation: You are covered in fur. (AC +1) [potion of mutation]
   470 | D        | Noticed a water elemental
   473 | D        | Killed a water elemental
   473 | D        | Reached skill level 6 in Spellcasting
   473 | D        | Reached XP level 4. HP: 26/26 MP: 7/14
   480 | D        | Learned a level 4 spell: Sticky Flame
   521 | D        | Found a radiant altar of Vehumet.
   522 | D        | Found a deep blue altar of Sif Muna.
   522 | D        | Found an ancient bone altar of Kikubaaqudgha.
   522 | D        | Noticed a wizard
   523 | D        | Killed a wizard
   523 | D        | Reached skill level 7 in Spellcasting
   523 | D        | Reached skill level 5 in Fire Magic
   523 | D        | Reached XP level 5. HP: 31/31 MP: 14/16
   536 | D        | Became a worshipper of Vehumet
   539 | D        | Killed Nessos
   543 | D        | Learned a level 5 spell: Fireball
   552 | D        | Found a glowing silver altar of Zin.
   553 | D        | Found a glowing golden altar of the Shining One.
   553 | D        | Found a white marble altar of Elyvilon.
   553 | D        | Noticed a deep elf mage
   558 | D        | Killed a deep elf mage
   558 | D        | Reached skill level 10 in Spellcasting
   558 | D        | Reached skill level 5 in Conjurations
   558 | D        | Reached XP level 6. HP: 27/38 MP: 13/21
   558 | D        | Reached XP level 7. HP: 31/43 MP: 13/22
   632 | D        | Killed a yaktaur
   644 | D        | Found an ornate altar of the Wu Jian Council.
   644 | D        | Found a roughly hewn altar of Beogh.
   644 | D        | Found an iron altar of Okawaru.
   644 | D        | Found a bloodstained altar of Trog.
   644 | D        | Found a hide-covered altar of Uskayaw.
   644 | D        | Noticed a human
   646 | D        | Noticed a human
   647 | D        | Killed a human
   655 | D        | Killed a human
   655 | D        | Reached * piety under Vehumet
   655 | D        | Offered knowledge of Freeze by Vehumet.
   655 | D        | Reached skill level 5 in Short Blades
   779 | D        | Found a basalt altar of Yredelemnul.
   779 | D        | Found a shadowy altar of Dithmenos.
   779 | D        | Found a sacrificial altar of Ru.
   784 | D        | Reached skill level 11 in Spellcasting
   831 | D        | Reached ** piety under Vehumet
   831 | D        | Offered knowledge of Sandblast by Vehumet.
   831 | D        | Reached XP level 8. HP: 47/47 MP: 19/25
   863 | D        | Reached skill level 5 in Armour
   872 | D        | Found a blossoming altar of Fedhas.
   872 | D        | Found a stormy altar of Qazlal.
   872 | D        | Found a snail-covered altar of Cheibriados.
   872 | D        | Found a burning altar of Makhleb.
   872 | D        | Found a shimmering altar of Xom.
   873 | D        | Found a hazy altar of Hepliaklqana.
   873 | D        | Found an opulent altar of Gozag.
   873 | D        | Found a sparkling altar of Nemelex Xobeh.
   873 | D        | Found a corrupted altar of Lugonu.
   873 | D        | Found a viscous altar of Jiyva.
   892 | D        | Reached skill level 5 in Fighting
   972 | D        | Noticed Snorg
   983 | D        | Demolished by Snorg

Vault maps used:
D:        dungeon_sprint_mu

Skill      XL: |  1  2  3  4  5  6  7  8 |
---------------+-------------------------+-----
Fighting       | 1 2 4 5 |  5.0
Armour         | 1 2 4 5 |  5.1
Dodging        | 3 4 6 7 |  7.7
Unarmed Combat | 1 2 4 |  4.9
Spellcasting   | 4 6 7 10 11 | 11.6
Conjurations   | 2 3 5 6 |  6.7
Fire Magic     | 4 5 6 7 |  7.6
Short Blades   | 2 4 5 |  5.6
Stealth        | |  2.4

Action                   |  1- 3 |  4- 6 |  7- 9 || total
-------------------------+-------+-------+-------++-------
Melee: Dagger            |     1 |     3 |       ||     4
 Cast: Flame Tongue      |    24 |     1 |    35 ||    60
       Conjure Flame     |     1 |       |     2 ||     3
       Throw Flame       |     1 |       |       ||     1
       Sticky Flame      |       |     1 |     4 ||     5
       Fireball          |       |       |     4 ||     4
  Use: Potion            |     3 |       |       ||     3
       Scroll            |       |       |     5 ||     5
 Stab: Sleeping          |     1 |     3 |       ||     4
Armor: Robe              |     2 |       |     1 ||     3
Dodge: Dodged            |    10 |       |    11 ||    21
